 Dungeon Crawl Stone Soup version 0.25-a0-523-g9afb2ee040 (webtiles) character file.

Game seed: 12614319731650487258, levelgen mode: classic

51 EnegeticOcto the Shield-Bearer (level 3, -1/34 HPs)
             Began as a Deep Dwarf Fighter on Feb 18, 2020.
             Killed by nerve-wracking pain
             ... invoked by an orc priest
              (8 damage)
             ... on level 4 of the Dungeon.
             The game lasted 00:00:22 (682 turns).

EnegeticOcto the Shield-Bearer (Deep Dwarf Fighter)  Turns: 682, Time: 00:00:22

Health: -1/34      AC:  6    Str: 20    XL:     3   Next: 57%
Magic:  2/2        EV:  7    Int:  8    God:
Gold:   46         SH:  9    Dex: 12    Spells: 2/2 levels left

rFire    . . .     SeeInvis .   a - +0 war axe
rCold    . . .     Gourm    .   c - +0 kite shield
rNeg     . . .     Faith    .   b - +0 scale mail
rPois    .         Spirit   .   (no helmet)
rElec    .         Reflect  .   (no cloak)
rCorr    .         Harm     .   (no gloves)
MR       .....                  (no boots)
Stlth    ..........             (no amulet)
HPRegen  0.00/turn              (no ring)
MPRegen  0.08/turn              (no ring)

@: non-regenerating
A: damage resistance, heal wounds, sense surroundings 1, no regeneration
a: Heal Wounds


You were on level 4 of the Dungeon.
You were not hungry.

You visited 1 branch of the dungeon, and saw 4 of its levels.

You collected 46 gold pieces.

Inventory:

Hand Weapons
 a - a +0 war axe (weapon)
Armour
 b - a +0 scale mail (worn)
 c - a +0 kite shield (worn)
Jewellery
 j - an uncursed ring of magical power {unknown}
Scrolls
 g - a scroll of identify {unknown}
Potions
 d - a potion of degeneration {unknown}
 f - a potion of resistance {unknown}
 h - a potion of flight {unknown}
 i - 3 potions of curing {unknown}
 k - a potion of might {@q3}
Comestibles
 e - 3 rations


   Skills:
 * Level 3.2 Fighting
 * Level 3.0 Axes
 + Level 3.5 Armour
 + Level 1.1 Dodging
 + Level 3.5 Shields


You had 2 spell levels left.
You didn't know any spells.
Your spell library was empty.

Dungeon Overview and Level Annotations

Branches:
Dungeon (4/15)
 Temple: D:4-7

Altars:


Innate Abilities, Weirdness & Mutations

You are resistant to damage.
You can heal yourself by infusing magical energy.
You passively map a small area around you.
You do not regenerate.


Message History

Where to? (Enter - D:3, ? - help)
There is a stone staircase leading down here.
You climb downwards.
You hear the hiss of flowing sand.
There is an entrance to an ossuary on this level.
Hurry and find it before the portal is buried!
There is a stone staircase leading up here.
d - a black potion
j - an encrusted jade ring
i - 3 fuming green potions (gained 2)
You hear the slow hiss of a distant avalanche of sand.
Found a shiny ring mail.
An orc comes into view. It is wielding a +0 whip.
The orc shouts!
You hear a shout! x2
The orc throws a boomerang.
You block the boomerang.
The weapon returns to the orc!
An orc is nearby!
You block the orc's attack.
You closely miss the orc. You block the orc's attack.
You slash the orc!
You kill the orc!
Your Axes skill increases to level 3!
No target in view!
No target in view!
No target in view!
No target in view!
No target in view!
No target in view!
No target in view!
No target in view! 3 orc priests come into view.
The orc priest shouts! x2
The orc priest moves out of view.
Things that are here:
a +0 whip; 5 boomerangs; an orc corpse
There are monsters nearby!
There are monsters nearby!
There are monsters nearby!
There are monsters nearby!
A hound comes into view.
The hound barks!
A worker ant comes into view.
The orc priest miscasts a cantrip.
An orc comes into view. It is wielding a +0 club.
The orc priest hits you but does no damage.
The orc shouts!
You slash the orc priest!
The orc priest is heavily wounded.
You hit the orc.
The orc is moderately wounded.
The orc priest calls upon Beogh to heal the orc.
The orc's wounds heal themselves!
The orc priest miscasts a cantrip.
The orc hits you but does no damage.
You barely miss the orc.
The orc priest invokes the aid of Beogh against you.
Beogh smites you! You block the orc's attack.
The orc priest calls upon Beogh to heal the orc priest.
The orc priest is healed somewhat.
You hit the orc.
The orc is heavily wounded.
The orc priest begins to cast a cantrip, but forgets the words!
You block the orc's attack.
The orc priest invokes the aid of Beogh against you.
Beogh smites you!
* * * LOW HITPOINT WARNING * * *
The orc priest casts a cantrip, but nothing happens.
You are too injured to fight recklessly!
You are too injured to fight recklessly!
You are too injured to fight recklessly!
You are too injured to fight recklessly!
You fail to use your ability.
The orc closely misses you.
You are too injured to fight recklessly!
You are too injured to fight recklessly!
You are too injured to fight recklessly!
You are too injured to fight recklessly!
You feel much better. The orc hits you with a +0 club.
The orc priest calls down the wrath of Beogh upon you.
Beogh smites you!
Your magical essence is drained by the effort!
You feel much better. The orc hits you with a +0 club.
Your shield and scale mail prevent you from hitting the orc.
The orc is heavily wounded.
The orc priest looks satisfied for a moment.
You block the orc's attack. The orc barely misses you.
You hit the orc.
You kill the orc!
The orc priest mumbles some strange prayers to Beogh against you.
Pain shoots through your body!
The orc priest calls upon Beogh to heal the orc priest.
The orc priest's wounds heal themselves!
You closely miss the orc priest. You block the orc priest's attack.
The orc priest mumbles some strange prayers to Beogh against you.
Beogh smites you!
You barely miss the orc priest.
The orc priest calls down the wrath of Beogh upon you.
Beogh smites you!
* * * LOW HITPOINT WARNING * * *
The orc priest invokes the aid of Beogh against you.
Pain shoots through your body!
You die...

* * * , ,,
, ** *** *
, , #..# #
* * #..# *
##..# *
#..#
#####o...#
#..#
#..@ooa..#
* * #..#
#)###h####
#.[# #.# #
#..###.# ,
#......# *
* ,
##..#### ,
##.# #.#
#. * * #.#
#.#


You could see a hound, a worker ant and 3 orc priests.

Vanquished Creatures
  2 adders
  An ooze (D:2)
  A worm (D:2)
  2 orcs (D:4)
  A giant cockroach (D:1)
  3 goblins
  3 hobgoblins
  4 jackals (D:3)
  A frilled lizard (D:1)
  2 kobolds
  3 rats (D:1)
23 creatures vanquished.

Notes
Turn   | Place    | Note
-------+----------+-------------------------------------------
     0 | D:1      | EnegeticOcto the Deep Dwarf Fighter began the quest for the
                  | Orb.
     0 | D:1      | Reached XP level 1. HP: 20/20 MP: 1/1
    98 | D:1      | Reached XP level 2. HP: 27/27 MP: 2/2
   498 | D:2      | Reached skill level 1 in Dodging
   498 | D:2      | Reached XP level 3. HP: 25/34 MP: 3/3
   682 | D:4      | Killed from afar by an orc priest

Levels and vault maps discovered:
D:1:      dpeg_chamrin_arrival_tetris, layout_loops_ring
D:2:      layout_basic
D:3:      layout_loops_cross, chequers_ecumenical_altar_island
D:4:      layout_loops_ring, fiery_altar_vehumet, nicolae_ossuary_entry_ruins

Skill      XL: |  1  2  3 |
---------------+----------+-----
Fighting       | 3 |  3.2
Dodging        | 1 |  1.1
Axes           | 3 |  3.0
Armour         | |  3.5
Shields        | |  3.5

Action                   || total
-------------------------++-------
Melee: War axe           ||    77
 Abil: Heal Wounds       ||     2
Armor: Scale mail        ||    33
Dodge: Dodged            ||    20
Block: Kite shield       ||    56

Table legend:
 A = Non-vault XP
 B = Vault XP
 C = Vault XP percentage of total XP
 D = Non-vault monster count
 E = Vault monster count
 F = Vault count percentage of total count
                 A         B        C        D         E       F
            +---------+---------+-------+---------+---------+-------
      Total |      73 |       0 |   0.0 |      23 |       0 |   0.0
            +---------+---------+-------+---------+---------+-------
        D:1 |      14 |       0 |   0.0 |       9 |       0 |   0.0
        D:2 |      30 |       0 |   0.0 |       6 |       0 |   0.0
        D:3 |      23 |       0 |   0.0 |       6 |       0 |   0.0
        D:4 |       6 |       0 |   0.0 |       2 |       0 |   0.0
            +---------+---------+-------+---------+---------+-------
